 Dungeon Crawl Stone Soup version 0.26.1-2-gb8aa6d0cf2 (webtiles) character file.

Game seed: 2547957805868845976

128 frankobake the Charlatan (level 4, 0/41 HPs)
             Began as a Troll Artificer on Mar 1, 2021.
             Slain by Pikel
             ... wielding a +2 whip of flaming
              (5 damage)
             ... on level 5 of the Dungeon.
             The game lasted 00:28:27 (2073 turns).

frankobake the Charlatan (Troll Artificer)          Turns: 2073, Time: 00:28:28

Health: 0/41       AC:  6    Str: 20    XL:     4   Next: 86%
Magic:  3/3        EV: 10    Int: 14    God:
Gold:   155        SH:  0    Dex: 10    Spells: 3/3 levels left

rFire    . . .     SeeInvis .   l - +1 dagger (speed)
rCold    . . .     Faith    .   (no shield)
rNeg     . . .     Spirit   .   j - +0 robe
rPois    .         Reflect  .   (helmet restricted)
rElec    .         Harm     .   (no cloak)
rCorr    .         Rampage  .   (gloves unavailable)
Will     .....                  (boots unavailable)
Stlth    ++........             u - amulet of magic regeneration (curse)
HPRegen  0.53/turn              q - +6 ring of intelligence
MPRegen  0.33/turn              t - ring of stealth

@: no status effects
A: large, unfitting armour, claws 3, regeneration 1, shaggy fur 1, tough skin 3
a: no special abilities


You were on level 5 of the Dungeon.
You visited 1 branch of the dungeon, and saw 5 of its levels.

You collected 155 gold pieces.

Inventory:

Hand Weapons
 a - a +0 club
 g - a +0 dagger
 l - a +1 dagger of speed (weapon)
 A - a +0 mace
 C - a +0 short sword
 H - a +0 dagger
 J - a +0 dagger
 K - a +2 short sword of venom
 L - a +0 short sword
Missiles
 o - 44 arrows
 r - 16 bolts
Armour
 b - a +0 robe
 i - a +0 ring mail
 j - a +0 robe (worn)
 m - a +0 buckler
 x - a +0 ring mail
 D - a +0 pair of gloves
 I - a +0 ring mail
Jewellery
 q - a +6 ring of intelligence (left claw)
 s - an uncursed ring of resist corrosion
 t - a ring of stealth (right claw)
 u - a cursed amulet of magic regeneration (around neck)
 y - an uncursed ring of protection from cold
Wands
 d - a wand of enslavement (14) (quivered)
 G - a wand of flame (16)
Scrolls
 c - 3 scrolls of teleportation
 e - a scroll of fear
 f - 2 scrolls of remove curse
 n - a scroll of blinking
 p - a scroll of magic mapping
 v - a scroll of immolation {unknown}
 F - a scroll of amnesia {unknown}
Potions
 h - 2 potions of curing {unknown}
 k - a potion of flight {unknown}
 w - a potion of cancellation {unknown}
 z - 2 potions of degeneration {unknown}
 B - a potion of haste {unknown}
 E - a potion of lignification {unknown}


   Skills:
 + Level 1.0 Fighting
 + Level 1.2 Short Blades
 + Level 2.9 Dodging
 + Level 0.6 Stealth
 + Level 3.2 Evocations


You had 3 spell levels left.
You didn't know any spells.
Your spell library was empty.

Dungeon Overview and Level Annotations

Branches:
Dungeon (5/15)
 Temple: D:4-7

Altars:
Gozag

Annotations:
D:5 Pikel


Innate Abilities, Weirdness & Mutations

You are too large for most types of armour.
You have claws for hands.
Your natural rate of healing is unusually fast.
You are covered in fur. (AC +1)
You have extremely tough skin. (AC +3)


Message History

Your worker ant misses the lemure.
The lemure hits you.
Your worker ant bites the lemure!
The lemure hits your worker ant!
Your worker ant dies!
You hit Pikel.
Pikel is lightly wounded.
Pikel hits you with a +2 whip of flaming.
Pikel burns you. The lemure hits you.
You hit Pikel but do no damage. You hit Pikel but do no damage.
Pikel says, "Don't tell anyone, but I think Ereshkigal likes me."
Pikel closely misses you. The lemure hits you.
* * * LOW HITPOINT WARNING * * *
The lemure hits you.
* * * LOW HITPOINT WARNING * * *
You hit Pikel.
Pikel is lightly wounded.
The lemure hits you.
* * * LOW HITPOINT WARNING * * *
Pikel hits you with a +2 whip of flaming.
You die...

##########
........#
.######...#.#
........55#.#
######.5K#.###...
#..#.@..(...#
#..5...###...
#.###..#
#.#####.###..#
#........<...#
######......##
#..##### #..#
#..#


You could see Pikel and 4 lemures.

Vanquished Creatures
  A worker ant (D:4)
  Ijyb (D:4)
  2 adders
  4 worms
  3 leopard geckos
  4 orcs
  A giant cockroach (D:1)
  3 goblins
  5 hobgoblins
  A quokka (D:3)
  3 ball pythons
  6 bats
  5 frilled lizards
  3 kobolds
  4 rats
46 creatures vanquished.

Vanquished Creatures (others)
  A worker ant (D:5)
1 creature vanquished.

Grand Total: 47 creatures vanquished

Notes
Turn   | Place    | Note
-------+----------+-------------------------------------------
     0 | D:1      | frankobake the Troll Artificer began the quest for the Orb.
     0 | D:1      | Reached XP level 1. HP: 18/18 MP: 0/0
   301 | D:1      | Reached XP level 2. HP: 26/26 MP: 1/1
   513 | D:2      | Reached XP level 3. HP: 32/32 MP: 2/2
   554 | D:2      | Reached skill level 3 in Evocations
   807 | D:2      | Found an opulent altar of Gozag.
  1269 | D:3      | Found a faded altar of an unknown god.
  1682 | D:4      | Reached skill level 1 in Fighting
  1682 | D:4      | Reached XP level 4. HP: 15/41 MP: 3/3
  1817 | D:4      | Noticed Ijyb
  1869 | D:4      | Killed Ijyb
  1870 | D:4      | Reached skill level 1 in Short Blades
  2045 | D:5      | Entered Level 5 of the Dungeon
  2053 | D:5      | Noticed a lemure
  2054 | D:5      | Noticed a lemure
  2056 | D:5      | Noticed a lemure
  2057 | D:5      | Noticed Pikel
  2061 | D:5      | Noticed a lemure
  2073 | D:5      | Slain by Pikel

Illustrated notes

Levels and vault maps discovered:
D:1:      minmay_arrival_loop, layout_basic, minmay_door_square
D:2:      layout_loops_ring, lemuel_crystal_altar, kennysheep_generic_room_11
D:3:      layout_basic, chequers_ecumenical_altar_simple
D:4:      wander_river, layout_basic, kennysheep_mini_moat, uniq_ijyb
D:5:      layout_loops_ring, old_standard_altar, bloody_makhleb,
          kennysheep_little_box, minmay_temple_entry_fiery,
          corexii_item_surrounded_by_moat, minmay_shop_mass, uniq_pikel

Skill      XL: |  1  2  3  4 |
---------------+-------------+-----
Dodging        | 2 |  2.9
Evocations     | 3 |  3.2
Fighting       | 1 |  1.0
Short Blades   | 1 |  1.2
Stealth        | |  0.6

Action                   |  1- 3 |  4- 6 || total
-------------------------+-------+-------++-------
Melee: Dagger            |   156 |    71 ||   227
Evoke: Wand              |    30 |     1 ||    31
  Use: Scroll            |     5 |       ||     5
 Stab: Paralysed         |     3 |       ||     3
       Sleeping          |       |     1 ||     1
Armor: Robe              |    67 |    10 ||    77
       Skin              |     3 |       ||     3
Dodge: Dodged            |    94 |    17 ||   111
